 Dungeon Crawl Stone Soup version 0.29.1-1-gd02db6906a (webtiles) character file.

Game seed: 3129274804097098558

483 nshep25 the Covered (level 6, -2/53 (56) HPs)
             Began as a Minotaur Fighter on Oct 5, 2022.
             Slain by a wight
             ... wielding a +3 spear
              (4 damage)
             ... on level 4 of the Dungeon.
             The game lasted 00:06:16 (3125 turns).

nshep25 the Covered (Minotaur Fighter)              Turns: 3125, Time: 00:06:17

HP:   -2/53 (56)    AC: 14    Str: 23    XL:     6   Next: 87%
MP:   5/5           EV: 10    Int:  5    God:
Gold: 77            SH:  4    Dex:  9    Spells: 5/5 levels left

rFire   . . .      SeeInvis .   a - +0 war axe
rCold   . . .      Faith    .   c - +0 buckler
rNeg    . . .      Spirit   .   j - +0 plate armour
rPois   .          Reflect  .   (helmet restricted)
rElec   .          Harm     .   w - +0 cloak
rCorr   +          Rampage  .   (no gloves)
Will    .....                   (no boots)
Stlth   ..........              (no amulet)
HPRegen 0.17/turn               e - +4 ring of evasion
MPRegen 0.09/turn               n - ring of resist corrosion

@: drained
A: horns 2, retaliatory headbutt
a: no special abilities


You were on level 4 of the Dungeon.
You visited 1 branch of the dungeon, and saw 4 of its levels.

You collected 155 gold pieces.
You spent 78 gold pieces at shops.

Inventory:

Hand Weapons
 a - a +0 war axe (weapon)
 x - a +2 hand axe of flaming
Missiles
 r - 12 poisoned darts (quivered)
Armour
 b - a +0 scale mail
 c - a +0 buckler (worn)
 j - a +0 plate armour (worn)
 w - a +0 cloak (worn)
Jewellery
 e - a +4 ring of evasion (left hand)
 n - a ring of resist corrosion (right hand)
 u - a ring of flight
Scrolls
 f - a scroll of fog {unknown}
 g - 2 scrolls of teleportation {unknown}
 h - a scroll of vulnerability {unknown}
 k - 4 scrolls of blinking {unknown}
 l - 9 scrolls of identify
 q - 2 scrolls of poison {unknown}
 v - a scroll of enchant armour {unknown}
 y - a scroll of immolation {unknown}
Potions
 d - a potion of might
 i - 2 potions of attraction {unknown}
 m - 2 potions of berserk rage {unknown}
 o - 2 potions of heal wounds {unknown}
 p - 2 potions of haste {unknown}
 s - a potion of resistance {unknown}
 t - a potion of cancellation {unknown}
 z - a potion of brilliance {unknown}
 A - a potion of degeneration {unknown}


   Skills:
 + Level 5.4 Fighting
 + Level 5.7 Axes
 + Level 6.0 Armour
 + Level 0.4 Dodging
 + Level 4.3 Shields


You had 5 spell levels left.
You didn't know any spells.
Your spell library was empty.

Dungeon Overview and Level Annotations

Branches:
Dungeon (4/15)
 Temple: D:4-7

Altars:
Ru
Sif Muna
Vehumet

Shops:
D:3 ?


Innate Abilities, Weirdness & Mutations

You have a pair of horns on your head.
You reflexively headbutt those who attack you in melee.


Message History

You destroy the wight!
The wight hits you but does no damage.
Your life force feels restored.
You hit the wight.
The wight is moderately damaged.
The wight hits you with a +0 flail.
You feel drained.
The wight hits you from afar with a +3 spear.
You closely miss the wight.
The wight is moderately damaged.
The wight hits you but does no damage. x2
You hit the wight but do no damage. You headbutt the wight!
The wight is severely damaged.
You block the wight's attack. The wight hits you but does no damage.
The wight closely misses you. You furiously retaliate!
You headbutt the wight.
The wight hits you from afar with a +3 spear.
* * * LOW HITPOINT WARNING * * *
You feel drained.
* * * LOW HITPOINT WARNING * * *
You completely miss the wight.
The wight is almost destroyed.
The wight hits you with a +0 flail!
* * * LOW HITPOINT WARNING * * *
The wight hits you from afar with a +3 spear.
* * * LOW HITPOINT WARNING * * *
You feel drained.
* * * LOW HITPOINT WARNING * * *
The wight attacks as you move away! The wight barely misses you.
The wight attacks as you move away! The wight hits you but does no damage.
You barely miss the wight.
You headbutt the wight, but do no damage.
The wight is almost destroyed.
The wight hits you with a +0 flail.
* * * LOW HITPOINT WARNING * * *
You feel drained. The wight hits you but does no damage.
You slash the wight!
You destroy the wight!
The wight hits you but does no damage.
Your Armour skill increases to level 6!
The wight hits you with a +3 spear.
You die...

## .. ... # .... ##
..... .## ####......
..# #..)..# #.#######
#.##.## #.......#
###z##.# #...###.#
###.@.##.# #.#..##.#
##...####.#
#.##.##.####..### #.#
#.##.##.##...##### #.#
#................###.#
#######
####.....#...).......#
#.....#
##....#.#####.#####
#.....#
#####..##...........#
#......
.....>.##..####.###.#
#.....#


You could see a wight.

Vanquished Creatures
  A scorpion (D:4)
  4 wights (D:4)
  A hound (D:4)
  6 gnolls (D:4)
  6 adders
  A worm (D:2)
  4 dart slugs
  3 orcs (D:3)
  7 bats
  4 endoplasms
  2 giant cockroaches (D:1)
  A goblin (D:2)
  3 hobgoblins
  3 jackals (D:3)
  2 quokkas
  6 ball pythons
  8 frilled lizards
  9 kobolds
  6 rats
77 creatures vanquished.

Notes
Turn   | Place    | Note
-------+----------+-------------------------------------------
     0 | D:1      | nshep25 the Minotaur Fighter began the quest for the Orb.
     0 | D:1      | Reached XP level 1. HP: 19/19 MP: 0/0
    86 | D:1      | Reached XP level 2. HP: 8/27 MP: 1/1
   623 | D:1      | Reached skill level 4 in Armour
   781 | D:1      | Reached XP level 3. HP: 29/33 MP: 2/2
   865 | D:1      | Found a faded altar of an unknown god.
  1620 | D:3      | Reached XP level 4. HP: 41/41 MP: 3/3
  1857 | D:3      | Found Nienizegh's Magic Scroll Shop.
  1863 | D:3      | Bought a scroll of identify for 26 gold pieces
  1863 | D:3      | Bought a scroll of identify for 26 gold pieces
  1863 | D:3      | Bought a scroll of identify for 26 gold pieces
  2569 | D:4      | Found a sacrificial altar of Ru.
  2580 | D:4      | Reached skill level 5 in Fighting
  2580 | D:4      | Reached XP level 5. HP: 23/48 MP: 4/4
  2748 | D:4      | Identified the +1 helmet of Objectivity {rPois rF+ Will-}
  2756 | D:4      | Reached skill level 5 in Armour
  2806 | D:4      | Found a shimmering blue altar of Sif Muna.
  2893 | D:4      | Found a radiant altar of Vehumet.
  2903 | D:4      | Reached XP level 6. HP: 37/56 MP: 5/5
  3104 | D:4      | Reached skill level 5 in Axes
  3119 | D:4      | HP: 2/51 [wight/+3 spear (1)]
  3124 | D:4      | Reached skill level 6 in Armour
  3125 | D:4      | Slain by a wight

Illustrated notes

Levels and vault maps discovered:
D:1:      eino_arrival_water_star, layout_basic, basic_ecumenical_altar,
          minmay_pentomino_u2
D:2:      layout_basic, nrook_mini_vaults
D:3:      layout_basic, serial_shops, nicolae_shop_behind_doors,
          nrook_loot_triangle, minivault_24
D:4:      minmay_spotlight, layout_basic, lemuel_tele_altar, kennysheep_mini,
          general_overflow_altar, gammafunk_ghost_grave, roderic_filled_cross

Skill      XL: |  1  2  3  4  5  6 |
---------------+-------------------+-----
Fighting       | 4 5 |  5.4
Shields        | 4 |  4.3
Armour         | 4 5 6 |  6.0
Axes           | 3 4 5 |  5.7
Dodging        | |  0.4

Action                   |  1- 3 |  4- 6 || total
-------------------------+-------+-------++-------
Melee: War axe           |    58 |    89 ||   147
       Headbutt          |    14 |    16 ||    30
Armor: Scale mail        |     5 |       ||     5
       Plate armour      |    21 |    57 ||    78
Dodge: Dodged            |    39 |    57 ||    96
Block: Buckler           |    14 |    20 ||    34
